 Dungeon Crawl Stone Soup version 0.15-a0-1558-g235eb28 (webtiles) character file.

343 zercules the Twirler (level 6, -5/35 HPs)
             Began as a Gargoyle Gladiator on June 18, 2014.
             Slain by a yak (8 damage)
             ... on Level 5 of the Dungeon.
             The game lasted 00:12:06 (2813 turns).

zercules the Twirler (Gargoyle Gladiator)           Turns: 2813, Time: 00:12:07

HP  -5/35        AC  8     Str 19      XL: 6   Next: 57%
MP   6/6         EV 11     Int 10      God:
Gold 94          SH  0     Dex 10      Spells:  0 memorised,  5 levels left

rFire  . . .     SeeInvis .     l - +6 cutlass "Gargoyle's Regret" {flame, rN+}
rCold  . . .     Clarity  .     b - +0 leather armour
rNeg   + + .     rCorr    .     (no shield)
rPois  +         rRot     +     c - +0 helmet
rElec  +         Spirit   .     (no cloak)
SustAb .         Warding  .     (no gloves)
rMut   .         Stasis   .     (no boots)
Gourm  .                        (no amulet)
MR     .....                    (no ring)
                                (no ring)

@: about to teleport, not resistant to hostile enchantments, very unstealthy
A: life protection 1, electricity resistance, unbreathing, petrification
resistance, rot immunity, AC +4
a: no special abilities


You were on level 5 of the Dungeon.
You were not hungry.

You visited 1 branch of the dungeon, and saw 6 of its levels.

You collected 94 gold pieces.

Inventory:

Hand weapons
 a - a +0 quarterstaff
 l - the +6 cutlass "Gargoyle's Regret" (weapon) {flame, rN+}
   (You found it on level 4 of the Dungeon)

   It emits flame when wielded, causing extra injury to most foes and up to
   double damage against particularly susceptible opponents.
   Big, fiery blades are also staple armaments of hydra-hunters.
   It protects you from negative energy.
 o - a +0 flail of crushing
Missiles
 d - 3 throwing nets (quivered)
Armour
 b - a +0 leather armour (worn)
 c - a +0 helmet (worn)
 g - a +0 cloak
 q - a +1 chain mail of fire resistance
Magical devices
 m - a wand of frost (1)
Comestibles
 f - a bread ration
Scrolls
 e - 4 scrolls of teleportation
 h - a scroll of remove curse {unknown}
Potions
 i - a potion of might {unknown}
 n - a potion of mutation {unknown}
 r - a potion of agility {unknown}


   Skills:
 - Level 2.1 Fighting
 + Level 4.0 Short Blades
 - Level 5.4 Staves
 - Level 2.0 Throwing
 - Level 2.4 Dodging


You had 5 spell levels left.
You didn't know any spells.

Dungeon Overview and Level Annotations

Branches:
Dungeon (6/15)
 Temple: D:4-7

Altars:
Yredelemnul


Innate Abilities, Weirdness & Mutations

You are resistant to torment.
You are immune to poison.
Your stone body is very resilient (AC +4).
You resist negative energy.
You are resistant to electric shocks.
You can survive without breathing.
You are immune to petrification.
You are immune to rotting.


Message History

The jackal bites you but does no damage.
The yak gores you. The yak closely misses you. The jackal bites you.
The yak barely misses you.
There is a stone staircase leading up here.
Huge Dmg: -40%(-14hp) hp: 58%(20hp)
The jackal bites you but does no damage.
The jackal barely misses you. The yak gores you.
The yak gores you but does no damage. The yak barely misses you.
You climb upwards.
There is a stone staircase leading down here.
Damage: -9%(-3hp) hp: 49%(17hp) Read which item? (? for menu, Esc to quit)
As you read the scroll of teleportation, it crumbles to dust.
You feel strangely unstable. The jackal misses you.
The jackal closely misses you. The yak gores you!
* * * LOW HITPOINT WARNING * * *
The yak gores you.
* * * LOW HITPOINT WARNING * * *
The yak gores you!
You die...

...###......###,,,,,**,,,,*
.###......### *,,,*****,,,*
.##.....### *,,,,,*,,,,,*
####...### *,,,,,,,,,,**##*
**#......########,,,,,,,*##..#
*,##.....#..##.>##*,,,*##....#
,,<###......##...####**....(.#
,,,,,#......#..YY...###......#
,,,,,###...))..Y@Y..#.....#,,*
,*,,,,,###.....#hh.##.....#***
,*,,,,,,#.....##...#....###
****,,......###.........#
,,***#......#.........###
,,,,,.....###....#...##
,,,,,,..##*#.....#.<..#
,,,,,,,.* #...###....#
********* ####* ######


You could see 4 yaks and 2 jackals.

Vanquished Creatures
  Edmund (D:5)
  Blork the orc (D:4)
  A quasit (D:5)
  An orc priest (D:4)
  Terence (D:2)
  2 adders
  2 giant geckos (D:1)
  6 orcs (D:4)
  2 ball pythons
  8 bats
  2 bat skeletons (D:4)
  3 giant cockroaches
  10 hobgoblins
  5 jackals
  11 kobolds
  4 giant newts
  8 rats
68 creatures vanquished.

Notes
Turn   | Place    | Note
--------------------------------------------------------------
     0 | D:1      | zercules, the Gargoyle Gladiator, began the quest for the Orb.
     0 | D:1      | Reached XP level 1. HP: 12/12 MP: 1/1
    90 | D:1      | Huge Dmg: 3 dmg
    90 | D:1      | Reached XP level 2. HP: 12/17 MP: 2/2
   248 | D:1      | Huge Dmg: 5 dmg
   399 | D:1      | Reached skill level 4 in Staves
   408 | D:1      | Reached XP level 3. HP: 18/21 MP: 3/3
  1229 | D:2      | Noticed Terence
  1243 | D:2      | Huge Dmg: 5 dmg
  1245 | D:2      | Killed Terence
  1245 | D:2      | Reached XP level 4. HP: 18/26 MP: 4/4
  1486 | D:3      | Reached skill level 5 in Staves
  1548 | D:4      | Huge Dmg: 6 dmg
  1549 | D:4      | Huge Dmg: 11 dmg
  1552 | D:4      | Huge Dmg: 2 dmg
  1929 | D:5      | Entered Level 5 of the Dungeon
  2073 | D:4      | Got a jewelled cutlass
  2075 | D:4      | Identified the +6 cutlass "Gargoyle's Regret" {flame, rN+} (You found it on level 4 of the Dungeon)
  2094 | D:4      | Reached XP level 5. HP: 28/30 MP: 5/5
  2101 | D:4      | Noticed Blork the orc
  2109 | D:4      | Killed Blork the orc
  2114 | D:4      | Found a basalt altar of Yredelemnul.
  2584 | D:5      | Noticed Edmund
  2600 | D:5      | Huge Dmg: 7 dmg
  2602 | D:5      | Huge Dmg: 6 dmg
  2604 | D:5      | Killed Edmund
  2604 | D:5      | Reached XP level 6. HP: 19/35 MP: 6/6
  2801 | D:6      | Noticed a yak
  2801 | D:6      | Noticed a yak
  2801 | D:6      | Noticed a yak
  2801 | D:6      | Noticed a yak
  2801 | D:6      | Noticed a yak
  2801 | D:6      | Noticed a yak
  2811 | D:6      | Huge Dmg: 14 dmg
  2813 | D:5      | Slain by a yak

Action                   |  1- 3 |  4- 6 || total
-------------------------+-------+-------++-------
Melee: Quarterstaff      |   136 |    48 ||   184
       Cutlass           |       |    65 ||    65
Throw: Throwing net      |       |     1 ||     1
  Use: Scroll            |       |     4 ||     4
